 Dungeon Crawl Stone Soup version 0.31-a0-263-ge8cad7f256 (webtiles) character file.

Game seed: 10810361472277780532

68 qw the Shooter (level 4, -2/26 HPs)
             Began as a Gargoyle Hexslinger on July 13, 2023.
             Slain by a gnoll
             ... wielding a +0 spear
              (4 damage)
             ... on level 2 of the Dungeon.
             The game lasted 00:00:31 (918 turns).

qw the Shooter (Gargoyle Hexslinger)                 Turns: 918, Time: 00:00:32

Health: -2/26      AC:  8    Str: 12    XL:     4   Next: 19%
Magic:  5/5        EV: 10    Int: 13    God:
Gold:   94         SH:  0    Dex: 14    Spells: 4/5 levels left

rFire   . . .        a - +1 sling
rCold   . . .        (no shield)
rNeg    + . .        d - +0 ring mail
rPois   inf          (no helmet)
rElec   +            (no cloak)
rCorr   .            (no gloves)
SInv    .            (no boots)
Will    .....        (no amulet)
Stlth   +            (no ring)
HPRegen 0.24/turn    (no ring)
MPRegen 0.09/turn

%: no passive effects
@: no status effects
A: sickness immunity, AC +3, negative energy resistance 1, electricity
resistance, torment resistance 1, petrification resistance
a: no special abilities


You were on level 2 of the Dungeon.
You visited 1 branch of the dungeon, and saw 2 of its levels.

You collected 94 gold pieces.


Innate Abilities, Weirdness & Mutations

You are immune to sickness and miasma.
Your stone body is resilient. (AC +3)
You are immune to poison.
You resist negative energy. (rN+)
You are resistant to electric shocks. (rElec)
You are resistant to unholy torment.
You are immune to petrification.


   Skills:
 - Level 2.0 Fighting
 - Level 4.0 Ranged Weapons
 + Level 0.1 Armour
 - Level 1.5 Dodging
 - Level 1.0 Spellcasting
 - Level 2.6 Hexes


You had 4 spell levels left.
You knew the following spells:

 Your Spells              Type           Power      Damage    Failure   Level
a - Slow                  Hex            28%        N/A       22%         1

Your spell library contained the following spells:

 Spells                   Type           Power      Damage    Failure   Level
 Inner Flame              Hex/Fire       4%         N/A       73%         3
 Portal Projectile        Hex/Tloc       8%         N/A       73%         3
 Cause Fear               Hex            3%         N/A       91%         4

Inventory:

Hand Weapons
 a - a +1 sling (weapon)
Armour
 d - a +0 ring mail (worn)
Scrolls
 b - a scroll of blinking {unknown}
Potions
 e - a potion of curing {unknown}

Dungeon Overview and Level Annotations

Branches:
Dungeon (2/15)

Altars:

Shops:
D:2 *

Annotations:
D:2 1 transporter


Message History

The ball python hisses angrily.
The sling bullet hits the gnoll.
The gnoll is almost dead.
The gnoll hits you with a +0 flail. The gnoll hits you with a +0 flail!
The gnoll barely misses you. The gnoll closely misses you. x2
The gnoll barely misses you.
You shoot a sling bullet.
The sling bullet closely misses the gnoll.
The gnoll barely misses you. The gnoll hits you but does no damage.
The gnoll hits you from afar with a +0 spear.
913 ||| DRINKING potion of heal wounds.
You feel much better.
The gnoll hits you with a +0 flail. x2; The gnoll closely misses you.
You shoot a sling bullet. The sling bullet hits the gnoll.
You kill the gnoll!
The gnoll hits you from afar with a +0 spear.
The gnoll completely misses you.
Your Ranged Weapons skill increases to level 4!
You shoot a sling bullet.
The sling bullet hits the gnoll but does no damage.
The ball python bites you but does no damage.
The ball python grabs you. The ball python constricts you.
The gnoll barely misses you.
The gnoll hits you from afar with a +0 spear.
The ball python barely misses you. The ball python constricts you.
The gnoll hits you from afar with a +0 spear.
The gnoll barely misses you.
You shoot a sling bullet.
The sling bullet barely misses the ball python.
The ball python bites you but does no damage.
The ball python constricts you. The gnoll hits you but does no damage.
The gnoll hits you with a +0 flail. The ball python barely misses you.
The ball python constricts you.
You shoot a sling bullet. The sling bullet hits the ball python.
You kill the ball python!
The gnoll hits you from afar with a +0 spear.
The gnoll hits you with a +0 flail.
You shoot a sling bullet. The sling bullet hits the gnoll.
The gnoll is lightly wounded.
The gnoll hits you from afar with a +0 spear.
You die... 7 7.P #.... 77P

777.P7.#.# .#..
7PP77.7..7.#.###### ....
.777..77P........$.....
##.%...#77.....####..###
##.###.##...............
...# #...%......[.g..#
##.# #.##.....#.)....#
#.....##..#....@g...#
###.####..###.......#
#.# #..# #.......# # #
#### #########


You could see 2 gnolls.

Vanquished Creatures
  An adder (D:2)
  A gnoll (D:2)
  A dart slug (D:1)
  12 ball pythons
  6 bats
  4 endoplasms
  A giant cockroach (D:1)
  4 goblins (D:1)
  6 hobgoblins
  A frilled lizard (D:1)
  2 kobolds
  6 rats
45 creatures vanquished.

Notes
Turn   | Place    | Note
-------+----------+-------------------------------------------
     0 | D:1      | qw the Gargoyle Hexslinger began the quest for the Orb.
     0 | D:1      | Reached XP level 1. HP: 12/12 MP: 2/2
     0 | D:1      | 0 ||| qw: Version: 0.3-a-52-g30416fa
     0 | D:1      | 0 ||| qw: Game counter: 7532
     0 | D:1      | 0 ||| qw: Melee chars always use a shield: true
     0 | D:1      | 0 ||| qw: God list: Okawaru
     0 | D:1      | 0 ||| qw: Allow faded altars: false
     0 | D:1      | 0 ||| qw: Do Orc after clearing Dungeon:15 true
     0 | D:1      | 0 ||| qw: Do second Lair branch before Depths: true
     0 | D:1      | 0 ||| qw: Lair rune preference: random
     0 | D:1      | 0 ||| qw: Goals: Normal
     0 | D:1      | 0 ||| PLANNING D:1-11
    98 | D:1      | Reached XP level 2. HP: 14/16 MP: 3/3
   153 | D:1      | Reached skill level 3 in Ranged Weapons
   271 | D:1      | Reached XP level 3. HP: 21/21 MP: 4/4
   590 | D:1      | 590 ||| UPGRADING to +0 ring mail.
   600 | D:1      | 600 ||| DROPPING +0 robe.
   601 | D:1      | 601 ||| DRINKING 2 orange potions.
   602 | D:1      | 602 ||| DROPPING scroll of poison.
   794 | D:2      | Found a transporter.
   795 | D:2      | Found Tiyn's Assorted Antiques.
   880 | D:2      | Reached XP level 4. HP: 24/26 MP: 5/5
   912 | D:2      | HP: 2/26 [gnoll/+0 spear (5)]
   913 | D:2      | 913 ||| DRINKING potion of heal wounds.
   915 | D:2      | Reached skill level 4 in Ranged Weapons
   917 | D:2      | HP: 6/26 [gnoll/+0 spear (3)]
   917 | D:2      | HP: 2/26 [gnoll/+0 flail (4)]
   918 | D:2      | Slain by a gnoll

Levels and vault maps discovered:
D:1:      lightli_arrival_maybe_door_vault, layout_loops_ring,
          minmay_close_crescents
D:2:      layout_loops_ring, ebering_ecumenical_altar_webs, serial_forest,
          infiniplex_forest_clump_diagonal, infiniplex_forest_lined_2,
          infiniplex_forest_clump_tiny, infiniplex_forest_join,
          infiniplex_forest_clump_small, infiniplex_forest_lined_4_way,
          serial_shops, nicolae_shop_drivethru, uniq_crazy_yiuf_cottage,
          uniq_terence

Skill      XL: |  1  2  3  4 |
---------------+-------------+-----
Ranged Weapons | 3 4 |  4.0
Fighting       | 2 |  2.0
Armour         | |  0.1
Dodging        | |  1.5
Spellcasting   | |  1.0
Hexes          | |  2.6

Action                     |  1- 3 |  4- 6 || total
---------------------------+-------+-------++-------
   Fire: Sling             |   133 |    19 ||   152
    Use: Potion            |     1 |     1 ||     2
 Armour: Robe              |    12 |       ||    12
         Ring mail         |    21 |     8 ||    29
  Dodge: Dodged            |    36 |    18 ||    54

Table legend:
 A = Non-vault XP
 B = Vault XP
 C = Vault XP percentage of total XP
 D = Non-vault monster count
 E = Vault monster count
 F = Vault count percentage of total count
                 A         B        C        D         E       F
            +---------+---------+-------+---------+---------+-------
      Total |      90 |       8 |   8.2 |      39 |       6 |  13.3
            +---------+---------+-------+---------+---------+-------
        D:1 |      42 |       8 |  16.0 |      25 |       6 |  19.4
        D:2 |      48 |       0 |   0.0 |      14 |       0 |   0.0
            +---------+---------+-------+---------+---------+-------
